 Dungeon Crawl Stone Soup version bcrawl-1.27.6 (webtiles) character file.

Game seed: 4626686045444553251

494982 Faustar the Bludgeoner (level 12, -1/165 HPs)
             Began as a Minotaur Fighter on Sept 11, 2020.
             Was a Priest of the Shining One.
             Slain by a blink frog (10 damage)
             ... on level 3 of the Lair of Beasts.
             The game lasted 00:26:43 (10872 turns).

Faustar the Bludgeoner (Minotaur Fighter)          Turns: 10872, Time: 00:26:44

Health: -1/165     AC: 26    Str: 27    XL:     12   Next: 54%
Magic:  11/11      EV:  1    Int:  5    God:    the Shining One [***...]
Gold:   626        SH:  0    Dex:  9    Spells: 11/11 levels left

rFire    . . .     SeeInvis .   g - +0 great mace
rCold    . . .     Gourm    .   (shield currently unavailable)
rNeg     + + +     Faith    +   (armour currently unavailable)
rPois    +         Spirit   .   (helmet currently unavailable)
rElec    +         Reflect  .   (cloak currently unavailable)
rCorr    .         Harm     .   (gloves currently unavailable)
MR       .....     NoTele   +   (boots currently unavailable)
Stlth    +.........             n - amulet of faith
HPRegen  0.37/turn              t - ring of insulation
MPRegen  0.12/turn              i - ring of poison resistance

@: tree-form, glowing
A: giant, (retaliatory headbutt)
a: Divine Shield, Renounce Religion


You were on level 3 of the Lair of Beasts.
You worshipped the Shining One.
The Shining One was most pleased with you.
You were hungry.
You were a tree.
You visited 3 branches of the dungeon, and saw 13 of its levels.

You collected 661 gold pieces.
You spent 35 gold pieces at shops.

Inventory:

Hand Weapons
 a - a +0 flail
 g - a +0 great mace (weapon)
 p - a +0 morningstar
 I - the +8 morningstar "Bidoel" {drain, rF+ Str-5 Dex+9}
   (You found it on level 8 of the Dungeon)

   A truly terrible weapon, it drains the life of those it strikes.
   It affects your strength (-5).
   It affects your dexterity (+9).
   It protects you from fire.
   The Shining One disapproves of the use of such an item.
Missiles
 m - a throwing net {=f}
Armour
 q - a +0 chain mail
 u - a +1 hat (melded)
 y - a +0 plate armour (melded)
 B - a +2 cloak (melded)
 G - a +2 medium shield
 L - a +0 pair of gloves (melded)
Jewellery
 h - a +8 ring of strength
 i - a ring of poison resistance (right branch)
 n - an amulet of faith (around neck)
 r - a +4 ring of strength
 t - a ring of insulation (left branch)
 K - a +3 ring of dexterity
Wands
 E - a wand of scattershot (6)
 H - a wand of polymorph (9)
Scrolls
 j - 3 scrolls of amnesia {unknown}
 k - 2 scrolls of noise {unknown}
 o - 4 scrolls of teleportation
 s - 3 scrolls of enchant weapon {unknown}
 w - 3 scrolls of remove curse
 A - 2 scrolls of enchant armour {unknown}
 C - 3 scrolls of blinking {unknown}
 D - 3 scrolls of silence {unknown}
 J - a scroll of identify
Potions
 b - a potion of resistance {unknown}
 c - a potion of magic
 d - 3 potions of might
 f - 4 potions of curing
 l - 2 potions of lignification
 v - a potion of flight
 x - 3 potions of agility
 z - a potion of haste
Comestibles
 e - 29 rations {!d}


   Skills:
 + Level 11.5 Fighting
 * Level 17.3 Maces & Flails
 + Level 13.2 Armour
 - Level 3.6 Shields


You had 11 spell levels left.
You didn't know any spells.
Your spell library contained the following spells:

 Spells                   Type           Power        Failure   Level  Hunger
 Throw Frost              Conj/Ice       #.....       32%         2    ####...
 Beastly Appendage        Tmut           #.....       47%         1    None
 Corona                   Hex            #......      47%         1    None
 Freeze                   Ice            #.....       47%         1    None
 Passwall                 Tmut/Erth      #.......     63%         2    ####...
 Sticks to Snakes         Tmut           #.......     63%         2    ####...
 Sublimation of Blood     Necr           #.........   63%         2    ####...
 Confuse                  Hex            #.......     85%         3    #####..
 Dazzling Orbs            Conj/Hex       #......      85%         3    #####..
 Ozocubu's Armour         Chrm/Ice       #.......     85%         3    #####..
 Spider Form              Tmut/Pois      #..          85%         3    #####..
 Vampiric Draining        Necr           #.........   85%         3    #####..
 Animate Dead             Necr           N/A          99%         4    ######.
 Ice Form                 Ice/Tmut       #.......     99%         4    ######.
 Petrify                  Tmut/Erth      #.........   99%         4    ######.
 Summon Ice Beast         Ice/Summ       #.......     99%         4    ######.
 Throw Icicle             Conj/Ice       #.......     99%         4    ######.
 Yara's Violent Unravell  Hex/Tmut       #.........   99%         4    ######.
 Blade Hands              Tmut           #.........   100%        5    #######
 Metabolic Englaciation   Hex/Ice        #.........   100%        5    #######
 Borgnjor's Vile Clutch   Necr/Erth      #.........   100%        6    #######
 Mana Rupture             Conj/Hex       #.........   100%        7    #######


Dungeon Overview and Level Annotations

Branches:
Dungeon (9/12)             Temple (1/1) D:7            Lair (3/6) D:8
  Snake (0/3) Lair:2
  Swamp: Lair:2-4    Shoals: Lair:2-4       Orc: D:8-11

Altars:
Ashenzari
Cheibriados
Dithmenos
Elyvilon
Fedhas
Gozag
Hepliaklqana
Kikubaaqudgha
Lugonu
Makhleb
Nemelex Xobeh
Okawaru
Qazlal
Ru
Sif Muna
Trog
Uskayaw
Vehumet
Wu Jian
Xom
Yredelemnul
Zin
The Shining One

Shops:
D:7 (!   D:8 *

Annotations:
D:9 Erolcha
Lair:3 Harold


Innate Abilities, Weirdness & Mutations

((You reflexively headbutt those who attack you in melee.))
((You have a pair of horns on your head.))
((You have large cloven feet.))
((You are partially covered in iridescent scales. (AC +2)))


Message History

Your feet thicken and deform.
The blink frog completely misses you.
The blink frog hits you but does no damage. x3
The blink frog barely misses you.
You feel better. The blink frog hits you.
* * * LOW HITPOINT WARNING * * *
The blink frog blinks!
The blink frog hits you but does no damage. x2
The blink frog hits you.
* * * LOW HITPOINT WARNING * * *
The blink frog blinks!
The blink frog hits you but does no damage.
You feel better.
The blink frog hits you but does no damage.
The blink frog blinks!
The blink frog hits you but does no damage.
You barely miss the blink frog.
The blink frog is lightly wounded.
The blink frog hits you!
You die...

#...>.........
.........)...
............#
#....F.....§##
#............#
.#...........#
#......FF....#
#....♣...#
#.........#
#........###
#.#..##...#
##..# #### ###


You could see 3 blink frogs.

Vanquished Creatures
  A sphinx (Lair:2)
  3 hydras
  A tengu warrior (D:8)
  Nergalle (Lair:2)
  An orc knight (D:6)
  4 anaconda skeletons (Lair:2)
  An oklob plant (Lair:1)
  A manticore (Lair:3)
  2 black mambas
  A molten gargoyle (Lair:2)
  A cane toad (Lair:1)
  A gargoyle (D:9)
  2 komodo dragons (Lair:1)
  A polar bear (Lair:2)
  2 trolls
  7 hippogriffs
  Sigmund (D:3)
  A fire elemental (Lair:2)
  3 wyverns
  8 fire bats (Lair:2)
  14 yaks
  Grum (D:9)
  A steam dragon (D:8)
  6 water moccasins
  4 crocodiles
  4 porcupines
  An orc warrior (D:8)
  A swamp drake (D:8)
  2 ice beasts
  A sky beast (D:4)
  3 black bears
  4 ogres
  2 wolves (D:9)
  3 centaurs
  9 bullfrogs
  2 scorpions (D:4)
  3 killer bees (D:8)
  An electric eel (Lair:2)
  A howler monkey (D:8)
  5 crimson imps
  2 bullfrog zombies (D:8)
  5 lava snakes
  A quasit (D:6)
  Crazy Yiuf (D:5)
  8 hounds
  3 jellies
  A gnoll shaman (D:7)
  An orc priest (D:6)
  3 orc wizards
  3 centaur skeletons
  A bullfrog skeleton (D:6)
  An iguana (D:4)
  3 worker ants
  A hound zombie (D:7)
  2 hound skeletons
  2 worker ant zombies
  6 adders
  4 gnolls (D:7)
  A shadow imp (D:5)
  An ooze (D:2)
  An adder skeleton (D:5)
  An adder zombie (D:8)
  6 worms
  6 dart slugs
  2 leopard geckos
  19 orcs
  A ball python (D:3)
  6 bats
  5 giant cockroaches
  10 goblins
  7 hobgoblins
  18 jackals
  10 kobolds
  4 quokkas
  3 frilled lizards
  3 rats
263 creatures vanquished.

Vanquished Creatures (others)
  A fire vortex (Lair:2)
  A fungus (Lair:2)
  2 plants
4 creatures vanquished.

Grand Total: 267 creatures vanquished

Notes
Turn   | Place    | Note
-------+----------+-------------------------------------------
     0 | D:1      | Faustar the Minotaur Fighter began the quest for the Orb.
     0 | D:1      | Reached XP level 1. HP: 19/19 MP: 0/0
    40 | D:1      | Reached skill level 3 in Maces & Flails
   168 | D:1      | Reached XP level 2. HP: 26/26 MP: 1/1
   301 | D:1      | Reached XP level 3. HP: 20/31 MP: 2/2
   446 | D:1      | Reached skill level 4 in Maces & Flails
  1039 | D:2      | Reached XP level 4. HP: 39/39 MP: 3/3
  1173 | D:2      | Reached skill level 5 in Maces & Flails
  1631 | D:3      | Reached XP level 5. HP: 45/45 MP: 4/4
  1726 | D:3      | Reached skill level 5 in Armour
  2285 | D:3      | Noticed Sigmund
  2360 | D:3      | Killed Sigmund
  2360 | D:3      | Reached skill level 6 in Maces & Flails
  2360 | D:3      | Reached XP level 6. HP: 23/51 MP: 5/5
  2752 | D:4      | Reached skill level 7 in Maces & Flails
  2804 | D:4      | Reached XP level 7. HP: 57/57 MP: 6/6
  2895 | D:4      | Reached skill level 8 in Maces & Flails
  3087 | D:4      | Reached skill level 9 in Maces & Flails
  3521 | D:5      | Entered Level 5 of the Dungeon
  3540 | D:5      | Reached XP level 8. HP: 61/64 MP: 7/7
  3793 | D:5      | Reached skill level 10 in Maces & Flails
  4353 | D:5      | Found a runed door.
  4585 | D:5      | Noticed Crazy Yiuf
  4587 | D:5      | Killed Crazy Yiuf
  4683 | D:6      | Found an iron altar of Okawaru.
  4893 | D:6      | Noticed a troll
  4902 | D:6      | Killed a troll
  4902 | D:6      | Reached skill level 11 in Maces & Flails
  5181 | D:6      | Noticed an orc knight
  5359 | D:6      | Reached XP level 9. HP: 72/73 MP: 8/8
  5431 | D:6      | Identified Tiuce's Grimoire of Captivating Dark Rituals
  5451 | D:6      | Killed an orc knight
  5451 | D:6      | Reached skill level 5 in Fighting
  5720 | D:7      | Found a staircase to the Ecumenical Temple.
  5735 | Temple   | Entered the Ecumenical Temple
  5863 | Temple   | Became a worshipper of the Shining One
  6281 | D:7      | Found Pocvootz's Distillery.
  6284 | D:7      | Bought a potion of curing for 35 gold pieces
  6387 | D:7      | Reached skill level 12 in Maces & Flails
  6400 | D:7      | Found Yseur's Weapon Boutique.
  6865 | D:7      | Found a blossoming altar of Fedhas.
  6865 | D:7      | Found a white marble altar of Elyvilon.
  6865 | D:7      | Found a shadowy altar of Dithmenos.
  6865 | D:7      | Found a shattered altar of Ashenzari.
  7219 | D:8      | Found a staircase to the Lair.
  7321 | D:8      | Noticed a tengu warrior
  7359 | D:8      | Killed a tengu warrior
  7359 | D:8      | Reached skill level 13 in Maces & Flails
  7359 | D:8      | Reached skill level 10 in Armour
  7359 | D:8      | Reached XP level 10. HP: 80/86 MP: 9/9
  7578 | D:8      | Found Zin's Purification Station.
  7581 | D:8      | Found a glowing silver altar of Zin.
  7620 | D:8      | Found a hazy altar of Hepliaklqana.
  7638 | D:8      | Reached * piety under the Shining One
  7832 | D:8      | Got a polished morningstar
  8015 | D:9      | Noticed Grum
  8022 | D:9      | Killed Grum
  8255 | D:9      | Noticed a gargoyle
  8258 | D:9      | Killed a gargoyle
  8258 | D:9      | Reached skill level 14 in Maces & Flails
  8271 | D:9      | Noticed a centaur warrior
  8271 | D:9      | Noticed Erolcha
  8380 | D:9      | Identified the +8 morningstar "Bidoel" {drain, rF+ Str-5
                  | Dex+9} (You found it on level 8 of the Dungeon)
  8600 | Lair:1   | Entered Level 1 of the Lair of Beasts
  8604 | Lair:1   | Noticed a black mamba
  8607 | Lair:1   | Killed a black mamba
  8665 | Lair:1   | Reached XP level 11. HP: 94/97 MP: 10/10
  8704 | Lair:1   | Noticed a five-headed hydra
  8704 | Lair:1   | Reached ** piety under the Shining One
  8711 | Lair:1   | Killed a five-headed hydra
  8717 | Lair:1   | Reached skill level 15 in Maces & Flails
  8793 | Lair:1   | Noticed an oklob plant
  8820 | Lair:1   | Killed an oklob plant
  9139 | Lair:1   | Noticed a seven-headed hydra
  9143 | Lair:1   | Killed a seven-headed hydra
  9481 | Lair:2   | Reached skill level 10 in Fighting
  9612 | Lair:2   | Reached skill level 16 in Maces & Flails
  9986 | Lair:2   | Noticed a five-headed hydra
 10002 | Lair:2   | Killed a five-headed hydra
 10112 | Lair:2   | Reached XP level 12. HP: 95/108 MP: 11/11
 10208 | Lair:2   | Noticed Nergalle
 10217 | Lair:2   | Killed Nergalle
 10226 | Lair:2   | Got a sparkling lapis lazuli ring
 10227 | Lair:2   | Identified the ring of Faskesku {Fire *Slow MR+ Str+4} (You
                  | found it on level 2 of the Lair of Beasts)
 10243 | Lair:2   | Found a staircase to the Snake Pit.
 10243 | Lair:2   | Noticed a sphinx
 10339 | Lair:2   | Reached *** piety under the Shining One
 10466 | Lair:2   | Killed a sphinx
 10466 | Lair:2   | Reached skill level 17 in Maces & Flails
 10854 | Lair:3   | Noticed Harold
 10867 | Lair:3   | HP: 8/165 [blink frog (9)]
 10868 | Lair:3   | HP: 2/165 [blink frog (7)]
 10869 | Lair:3   | Gained mutation: You are partially covered in iridescent
                  | scales. (AC +2) [potion of mutation]
 10869 | Lair:3   | Gained mutation: You have large cloven feet. [potion of
                  | mutation]
 10872 | Lair:3   | Slain by a blink frog

Skill      XL: |  1  2  3  4  5  6  7  8  9 10 11 12 |
---------------+-------------------------------------+-----
Maces & Flails | 3 4 5 6 7 9 11 13 14 16 17 | 17.3
Armour         | 4 5 6 7 8 10 11 12 13 | 13.2
Fighting       | 4 7 9 10 11 | 11.5
Shields        | |  3.6

Action                   |  1- 3 |  4- 6 |  7- 9 | 10-12 || total
-------------------------+-------+-------+-------+-------++-------
Melee: Flail             |    80 |    82 |       |       ||   162
       Headbutt          |     8 |    21 |    44 |    32 ||   105
       Morningstar       |       |    45 |   153 |       ||   198
       Great mace        |       |       |    75 |   198 ||   273
Invok: Divine Shield     |       |       |       |     1 ||     1
Evoke: Wand              |       |       |       |     8 ||     8
  Use: Scroll            |       |     1 |     7 |     8 ||    16
       Potion            |       |       |     1 |     7 ||     8
  Eat: Chunk             |     3 |     8 |    22 |    16 ||    49
Armor: Scale mail        |    62 |    26 |       |       ||    88
       Chain mail        |       |    22 |   158 |    13 ||   193
       Plate armour      |       |       |       |   211 ||   211
       Skin              |       |       |       |    17 ||    17
Dodge: Dodged            |    59 |    35 |   122 |   107 ||   323
Block: Other             |       |       |       |     9 ||     9
